 Dungeon Crawl Stone Soup version 0.28.0-53-g5a82cb258f (webtiles) character file.

Game seed: 8820224980862419980

5893 Cykl0x the Geomancer (level 10, -12/50 HPs)
             Began as a Gargoyle Earth Elementalist on June 3, 2022.
             Was a Believer of Vehumet.
             Mangled by a sun demon (19 damage)
             ... summoned by a kobold demonologist
             ... in a bailey on June 6, 2022.
             The game lasted 00:20:05 (10258 turns).

Cykl0x the Geomancer (Gargoyle Earth Elementalist) Turns: 10258, Time: 00:20:06

Health: -12/50     AC: 19    Str: 12    XL:     10   Next: 82%
Magic:  1/23       EV: 10    Int: 20    God:    Vehumet [**....]
Gold:   361        SH:  0    Dex: 10    Spells: 11/27 levels left

rFire   . . .      SeeInvis +   y - +0 flail
rCold   . . .      Faith    .   (no shield)
rNeg    + . .      Spirit   .   F - +0 ring mail
rPois   ∞          Reflect  .   u - +0 helmet
rElec   +          Harm     .   (no cloak)
rCorr   .          Rampage  .   (no gloves)
Will    .....                   D - +0 pair of boots
Stlth   +.........              C - amulet of magic regeneration
HPRegen 0.16/turn               h - +4 ring of protection
MPRegen 0.58/turn               d - ring of see invisible

@: no status effects
A: sickness immunity, AC +7, negative energy resistance 1, electricity
resistance, torment resistance 1, petrification resistance
a: Renounce Religion


You were in a bailey.
You worshipped Vehumet.
Vehumet was pleased with you.
You visited 1 branch of the dungeon, and saw 9 of its levels.
You also visited: Bailey.

You collected 503 gold pieces.
You spent 142 gold pieces at shops.

Inventory:

Hand Weapons
 e - a +0 club
 l - a +0 whip
 m - a +1 mace of chaos
 y - a +0 flail (weapon)
Missiles
 j - 101 stones
Armour
 b - a +0 robe
 k - a +0 leather armour
 u - a +0 helmet (worn)
 w - a +2 robe of the Archmagi
 D - a +0 pair of boots (worn)
 E - a +0 scale mail
 F - a +0 ring mail (worn)
Jewellery
 a - a ring of ice
 d - a ring of see invisible (right hand)
 f - an amulet of faith
 h - a +4 ring of protection (left hand)
 C - an amulet of magic regeneration (around neck)
Wands
 n - a wand of paralysis (16)
 A - a wand of acid (9)
Scrolls
 i - a scroll of teleportation
 q - a scroll of magic mapping
 z - a scroll of amnesia
 B - a scroll of fear
Potions
 c - 7 potions of curing
 g - 2 potions of haste
 o - 2 potions of ambrosia
 r - a potion of flight
 s - a potion of mutation
 t - 2 potions of lignification {unknown}
 v - 3 potions of heal wounds {unknown}
 x - a potion of invisibility {unknown}


   Skills:
 + Level 0.1 Fighting
 + Level 3.0 Maces & Flails
 + Level 3.0 Armour
 + Level 2.4 Dodging
 - Level 2.1 Stealth
 + Level 9.0 Spellcasting
 * Level 8.1 Conjurations
 - Level 0.7 Transmutations
 + Level 2.2 Fire Magic
 + Level 11.0 Earth Magic


You had 11 spell levels left.
You knew the following spells:

 Your Spells              Type           Power      Damage    Failure   Level
a - Sandblast             Erth           100%       2d20      1%          1
b - Stone Arrow           Conj/Erth      94%        3d12      1%          3
c - Foxfire               Conj/Fire      100%       2x1d9     1%          1
d - Lee's Rapid Deconstr  Erth           26%        3d15*     4%          5
e - Iron Shot             Conj/Erth      23%        9d5       43%         6

Your spell library contained the following spells:

 Spells                   Type           Power      Damage    Failure   Level
 Scorch                   Fire           36%        2d6       10%         2
 Passwall                 Tmut/Erth      26%        N/A       2%          2
 Conjure Flame            Conj/Fire      29%        6-21      6%          3
 Petrify                  Tmut/Erth      32%        N/A       14%         4
 Animate Skeleton         Necr           18%        N/A       16%         1
 Apportation              Tloc           18%        N/A       16%         1
 Summon Small Mammal      Summ           36%        N/A       16%         1
 Animate Armour           Summ/Erth      62%        N/A       17%         4
 Leda's Liquefaction      Hex/Erth       15%        N/A       17%         4
 Wereblood                Tmut           11%        N/A       19%         2
 Flame Wave               Conj/Fire      29%        2d8       19%         4
 Inner Flame              Hex/Fire       13%        N/A       30%         3
 Hailstorm                Conj/Ice       25%        3d7       30%         4
 Call Canine Familiar     Summ           9%         N/A       43%         3
 Portal Projectile        Hex/Tloc       18%        N/A       43%         3
 Ice Form                 Ice/Tmut       10%        N/A       80%         4
 Cause Fear               Hex            4%         N/A       85%         4
 Blade Hands              Tmut           5%         N/A       98%         5
 Simulacrum               Ice/Necr       4%         N/A       100%        6
 Summon Hydra             Summ           4%         N/A       100%        7
 Discord                  Hex            4%         N/A       100%        8
 Sublimation of Blood     Necr           Unusable   N/A       N/A         2
 Statue Form              Tmut/Erth      Unusable   N/A       N/A         6

Dungeon Overview and Level Annotations

Branches:
Dungeon (9/15)             Temple (0/1) D:7             Orc (0/2) D:9
 Bailey (1/1)
   Lair: D:8-11

Altars:
Sif Muna
Vehumet

Shops:
D:1 ?   D:2 *(   D:4 :?!   D:5 *


Innate Abilities, Weirdness & Mutations

You are immune to sickness and miasma.
Your stone body is resilient. (AC +7)
You are immune to poison.
You resist negative energy. (rN+)
You are resistant to electric shocks. (rElec)
You are resistant to unholy torment.
You are immune to petrification.


Message History

The stone arrow hits the sun demon!
The sun demon is moderately wounded.
The sun demon hits you but does no damage.
Casting: Stone Arrow (safe; 1% risk of failure)
Confirm with . or Enter, or press ? or * to list all spells.
You don't have enough magic to cast this spell.
There are monsters nearby!
Casting: Stone Arrow (safe; 1% risk of failure)
Confirm with . or Enter, or press ? or * to list all spells.
You don't have enough magic to cast this spell.
The kobold demonologist begins to cast a cantrip, but forgets the words!
Casting: Stone Arrow (safe; 1% risk of failure)
Confirm with . or Enter, or press ? or * to list all spells.
Aiming: Lee's Rapid Deconstruction (dangerous; 4% risk of failure)
Press: ? - help, Dir - move target, p - kobold demonologist A translucent stone wall.
The wall shatters!
The blast of rock fragments hits the kobold demonologist.
The kobold demonologist is lightly wounded.
The sun demon hits you!
You are engulfed in flames!
* * * LOW HITPOINT WARNING * * *
The kobold demonologist mumbles some strange words.
Unknown command.
Okay, then.
Blink to where?
Press: ? - help, Dir - move target
As you read the scroll of blinking, it crumbles to dust.
The kobold demonologist misses you.
Casting: Lee's Rapid Deconstruction (dangerous; 4% risk of failure)
Confirm with . or Enter, or press ? or * to list all spells.
Aiming: Sandblast (safe; 1% risk of failure)
Press: ? - help, Shift-Dir - straight line, f - kobold demonologist
Aim: a kobold demonologist, wielding a +0 war axe and wearing a +0 scale mail (lightly wounded, 80% to hit)
The blast of sand hits the kobold demonologist!!
The kobold demonologist is severely wounded.
The kobold demonologist closely misses you.
The sun demon hits you.
* * * LOW HITPOINT WARNING * * *
You are engulfed in flames!!
You die...

≈≈≈≈≈≈≈.#..# #).#.≈≈≈≈
≈≈≈≈≈≈≈.#..# #...# #).#.≈≈≈≈
≈≈≈≈≈≈≈.#).## #8.8# ##..#.≈≈≈≈
≈≈≈≈≈≈≈.#).#. #...# .#..#.≈≈≈≈
≈≈≈≈≈≈#'#'##'###8.8###'##'#'#≈≈≈
≈≈≈≈≈≈#..))#.!.#...#...#....#≈≈≈
≈≈≈≈≈≈#....#:!.#...#o..#....#≈≈≈
≈≈≈≈≈≈###..######.######..###≈≈≈
≈≈≈≈≈ #.'....)K@.∩........'§# ≈≈
≈≈≈≈ ######)53≈≈≈≈≈≈≈≈###### ≈
≈≈≈≈≈≈≈≈≈≈≈≈≈≈≈≈≈≈≈≈≈≈≈≈≈
≈≈≈≈≈≈≈≈≈≈≈≈≈≈≈≈≈≈≈≈≈≈≈≈≈
≈≈≈≈≈≈≈≈≈≈≈≈≈≈≈≈≈≈≈≈≈≈≈≈≈
≈≈≈≈≈≈≈≈≈≈≈≈≈≈≈≈≈≈≈≈≈≈≈≈≈
≈≈≈≈≈≈≈≈≈≈≈≈≈≈≈≈≈≈≈≈≈≈≈≈≈
#########################


You could see a sun demon (summoned), a kobold demonologist and a white imp
(summoned).

Vanquished Creatures
  A two-headed ogre (D:9)
  2 orc knights (Bailey)
  A kobold demonologist (Bailey)
  The ghost of Infinimo the Cudgeller, an amateur OgGl (D:4)
  Sigmund (D:6)
  A shadow (D:6)
  2 wyverns (D:8)
  Eustachio (D:6)
  A steam dragon (D:9)
  Menkaure (D:5)
  A black bear (D:4)
  3 sky beasts
  5 orc warriors
  An ice beast (D:6)
  2 ogres (D:5)
  4 centaurs
  A kobold brigand (D:5)
  3 bullfrogs
  A scorpion (D:6)
  A water moccasin zombie (D:6)
  6 killer bees
  3 jellies
  4 electric eels (Bailey)
  2 hounds (D:4)
  A gnoll shaman (D:7)
  3 orc priests
  An iguana (D:5)
  4 orc wizards (D:7)
  8 gnolls
  4 adders
  2 shadow imps (D:6)
  2 white imps
  An ufetubus (D:6)
  5 worms
  24 orcs
  6 ball pythons
  5 endoplasms
  2 giant cockroaches
  15 goblins
  16 hobgoblins
  14 jackals
  6 kobolds
  3 quokkas
  4 bats
  4 frilled lizards
  5 rats
184 creatures vanquished.

Vanquished Creatures (others)
  88 foxfires
88 creatures vanquished.

Grand Total: 272 creatures vanquished

Notes
Turn   | Place    | Note
-------+----------+-------------------------------------------
     0 | D:1      | Cykl0x the Gargoyle Earth Elementalist began the quest for
                  | the Orb.
     0 | D:1      | Reached XP level 1. HP: 10/10 MP: 3/3
     3 | D:1      | Noticed an electric eel
     4 | D:1      | Noticed an electric eel
   191 | D:1      | Reached XP level 2. HP: 14/15 MP: 0/5
   278 | D:1      | Reached skill level 4 in Earth Magic
   583 | D:1      | Found a faded altar of an unknown god.
   635 | D:1      | Reached skill level 1 in Conjurations
   800 | D:1      | Reached XP level 3. HP: 19/19 MP: 6/6
   804 | D:1      | Learned a level 3 spell: Stone Arrow
   969 | D:1      | Found Erchaot's Magic Scroll Shoppe.
  1143 | D:1      | Bought a scroll of identify for 28 gold pieces
  1479 | D:2      | Found Genill's Antique Weapon Emporium.
  1580 | D:2      | Found a shimmering blue altar of Sif Muna.
  1604 | D:2      | Found Codic's General Store.
  2175 | D:3      | Reached XP level 4. HP: 17/24 MP: 0/8
  3284 | D:4      | Found Zighe's Distillery.
  3285 | D:4      | Found Taamimud's Magic Scroll Boutique.
  3333 | D:4      | Found Lutoisox's Book Boutique.
  3353 | D:4      | Bought a scroll of magic mapping for 45 gold pieces
  3474 | D:4      | Found a runed translucent door.
  3476 | D:4      | Noticed Infinimo's ghost (amateur OgGl)
  3664 | D:4      | Reached skill level 5 in Earth Magic
  3664 | D:4      | Reached XP level 5. HP: 28/28 MP: 4/9
  4641 | D:4      | Reached XP level 6. HP: 32/32 MP: 6/11
  4641 | D:4      | Noticed a black bear
  4646 | D:4      | Killed a black bear
  4955 | D:4      | Killed Infinimo's ghost
  4956 | D:4      | Reached skill level 6 in Earth Magic
  4956 | D:4      | Reached XP level 7. HP: 11/36 MP: 3/14
  5208 | D:5      | Entered Level 5 of the Dungeon
  5217 | D:5      | Reached skill level 1 in Maces & Flails
  5330 | D:5      | Noticed Menkaure
  5332 | D:5      | Killed Menkaure
  5333 | D:5      | Reached skill level 5 in Spellcasting
  5333 | D:5      | Reached skill level 7 in Earth Magic
  5333 | D:5      | Reached XP level 8. HP: 41/41 MP: 11/15
  5512 | D:5      | Found Riamp's Assorted Antiques.
  5519 | D:5      | Bought a fuming grey potion for 22 gold pieces
  5519 | D:5      | Bought a bubbling orange potion for 22 gold pieces
  5519 | D:5      | Bought a scroll labelled WIFUYN QEYM for 25 gold pieces
  5674 | D:5      | Found a radiant altar of Vehumet.
  5682 | D:5      | Became a worshipper of Vehumet
  6424 | D:6      | Reached skill level 8 in Earth Magic
  6438 | D:6      | Noticed a shadow
  6442 | D:6      | Killed a shadow
  6443 | D:6      | Reached skill level 5 in Conjurations
  6521 | D:6      | Noticed Eustachio
  6523 | D:6      | Noticed Sigmund
  6526 | D:6      | Killed Eustachio
  6527 | D:6      | Reached skill level 1 in Armour
  6532 | D:6      | Killed Sigmund
  6533 | D:6      | Reached XP level 9. HP: 37/45 MP: 1/18
  6535 | D:6      | Learned a level 1 spell: Foxfire
  6889 | D:6      | You fall into a shaft and drop 1 floor!
  6993 | D:7      | Found a staircase to the Ecumenical Temple.
  7138 | D:7      | Reached skill level 9 in Earth Magic
  7461 | D:7      | Learned a level 5 spell: Lee's Rapid Deconstruction
  7507 | D:7      | Reached * piety under Vehumet
  7507 | D:7      | Offered knowledge of Freeze by Vehumet.
  7519 | D:7      | Reached skill level 1 in Fire Magic
  9129 | D:8      | Reached XP level 10. HP: 50/50 MP: 12/21
  9288 | D:9      | Noticed a two-headed ogre
  9292 | D:9      | Killed a two-headed ogre
  9293 | D:9      | Reached skill level 10 in Earth Magic
  9385 | D:9      | Found a staircase to the Orcish Mines.
  9406 | D:9      | Found a flagged portal.
  9427 | Bailey   | Entered a bailey
  9568 | Bailey   | Reached ** piety under Vehumet
  9568 | Bailey   | Offered knowledge of Scorch by Vehumet.
  9898 | Bailey   | Noticed an orc knight
  9902 | Bailey   | Killed an orc knight
 10069 | Bailey   | Acquired a book of Iron
 10078 | Bailey   | Learned a level 6 spell: Iron Shot
 10087 | Bailey   | Noticed an orc knight
 10094 | Bailey   | Killed an orc knight
 10245 | Bailey   | Noticed a kobold demonologist
 10248 | Bailey   | Noticed a kobold demonologist
 10252 | Bailey   | Noticed a sun demon
 10253 | Bailey   | Killed a kobold demonologist
 10254 | Bailey   | Reached skill level 11 in Earth Magic
 10258 | Bailey   | Mangled by a sun demon

Illustrated notes

Levels and vault maps discovered:
D:1:      arrival_aquarium_b, layout_rooms, hellmonk_ecumenical_altar_zigzags,
          serial_shops, nicolae_shop_crystal
D:2:      layout_loops_ring, serial_shops, shop_fountains, shop, basic_altar
D:3:      layout_loops_ring
D:4:      layout_layer_cave, ebering_ghost_reflecting_pool,
          kennysheep_pointless_box, nicolae_wooded_promenade, minmay_quantized
D:5:      layout_gridville, lemuel_coloured_pillars_altar, serial_shops, shop,
          uniq_menkaure
D:6:      layout_cave_pods, uniq_sigmund, uniq_eustachio
D:7:      layout_basic, minmay_temple_entry_purple_smoke
D:8:      layout_basic
D:9:      layout_basic, orc_0_dummy, enter_bailey_5, nrook_loot_triangle,
          bh_walls_and_bars, uniq_grum
Bailey:   bailey_axe_of_yendor_kennysheep, bailey

Skill      XL: |  1  2  3  4  5  6  7  8  9 10 |
---------------+-------------------------------+-----
Earth Magic    | 4 5 6 7 8 9 11 | 11.0
Conjurations   | 1 2 3 4 5 7 8 |  8.1
Spellcasting   | 3 4 5 6 7 9 |  9.0
Maces & Flails | 1 2 3 |  3.0
Dodging        | 2 |  2.4
Armour         | 1 2 3 |  3.0
Fire Magic     | 1 2 |  2.2
Fighting       | |  0.1
Stealth        | |  2.1
Transmutations | |  0.7

Action                   |  1- 3 |  4- 6 |  7- 9 | 10-12 || total
-------------------------+-------+-------+-------+-------++-------
Melee: Unarmed           |    12 |       |       |       ||    12
       Club              |     7 |       |       |       ||     7
       Whip              |     9 |       |       |       ||     9
       Punch             |     1 |       |       |       ||     1
       Mace              |       |     8 |     7 |       ||    15
       Flail             |       |       |     4 |       ||     4
 Cast: Sandblast         |    34 |    45 |    32 |    35 ||   146
       Stone Arrow       |    16 |    27 |    39 |    31 ||   113
       Foxfire           |       |       |    36 |    17 ||    53
       Lee's Rapid Decon |       |       |     5 |     8 ||    13
  Use: Scroll            |     3 |     5 |     8 |     4 ||    20
       Potion            |       |     2 |       |       ||     2
 Stab: Sleeping          |     1 |       |       |       ||     1
Armor: Robe              |    10 |    19 |     7 |       ||    36
       Leather armour    |       |       |     1 |       ||     1
       Ring mail         |       |       |       |    12 ||    12
Dodge: Dodged            |    38 |    25 |    13 |    16 ||    92
